 Dungeon Crawl Stone Soup version 0.31-a0-152-g6aa68a64a1 (webtiles) character file.

Game seed: 11475500978895263512

2107 Hajna the Firebug (level 9, 0/88 HPs)
             Began as a Demonspawn Fire Elementalist on June 11, 2023.
             Was an Elder of Uskayaw.
             Slain by a troll (8 damage)
             ... on level 6 of the Dungeon.
             The game lasted 00:39:29 (6791 turns).

Hajna the Firebug (Demonspawn Fire Elementalist)    Turns: 6791, Time: 00:39:29

Health: 0/88       AC: 24    Str: 11    XL:     9   Next: 7%
Magic:  2/19       EV:  2    Int: 20    God:    Uskayaw [****..]
Gold:   291        SH:  0    Dex: 14    Spells: 8/22 levels left

rFire   . . .        q - +4 quarterstaff (chaos)
rCold   . . .        (shield currently unavailable)
rNeg    . . .        a - melded +0 robe
rPois   +            (helmet currently unavailable)
rElec   .            r - melded +0 cloak
rCorr   .            i - melded +1 pair of gloves
SInv    .            (boots currently unavailable)
Will    .....        f - dreamdust necklace {Acrobat}
Stlth   ++           (no ring)
HPRegen 1.34/turn    (no ring)
MPRegen 0.16/turn

%: acrobat
@: brilliant, tree-form
A: stationary, stasis, torment immunity, boosted hp, ignite blood 3, powered by
death 1, (sanguine armour 2), clever 1, (deformed body)
a: Renounce Religion, Stomp, Line Pass


You were on level 6 of the Dungeon.
You worshipped Uskayaw.
Uskayaw was noncommittal.
You were a tree.
You visited 1 branch of the dungeon, and saw 6 of its levels.
You also visited: Sewer.

You collected 291 gold pieces.

Inventory:

Hand Weapons
 e - a +0 war axe
 q - a +4 quarterstaff of chaos (weapon)
 v - a +4 short sword
Missiles
 w - 20 poisoned darts
 A - 10 boomerangs
Armour
 a - a +0 robe (melded)
 g - a +0 chain mail
 i - a +1 pair of gloves (melded)
 r - a +0 cloak (melded)
Jewellery
 f - the dreamdust necklace (around neck) {Acrobat}
   (You acquired it on level 6 of the Dungeon)

   [amulet of the acrobat]

   It increases your evasion while moving and waiting.
 l - a ring of positive energy
Wands
 t - a wand of charming (13)
Scrolls
 b - a scroll of blinking
 k - a scroll of enchant armour
 n - 4 scrolls of teleportation
Potions
 d - 2 potions of might
 j - 3 potions of enlightenment


   Skills:
 + Level 1.2 Fighting
 + Level 0.3 Axes
 + Level 1.6 Staves
 + Level 3.1 Dodging
 + Level 2.4 Stealth
 + Level 7.0 Spellcasting
 + Level 3.2 Conjurations
 + Level 0.9 Hexes
 + Level 0.8 Translocations
 + Level 7.3 Fire Magic
 + Level 0.2 Ice Magic


You had 8 spell levels left.
You knew the following spells:

 Your Spells              Type           Power      Damage    Failure   Level
a - Foxfire               Conj/Fire      100%       2x1d9     1%          1
b - Scorch                Fire           100%       2d9       1%          2
c - Volatile Blastmotes   Fire/Tloc      70%        2d15      5%          3
d - Slow                  Hex            60%        N/A       7%          1
e - Ensorcelled Hibernat  Hex/Ice        26%        N/A       12%         2
f - Magic Dart            Conj           100%       1d8       2%          1
g - Flame Wave            Conj/Fire      42%        2d11      11%         4

Your spell library contained the following spells:

 Spells                   Type           Power      Damage    Failure   Level
 Searing Ray              Conj           58%        2d6       3%          2
 Inner Flame              Hex/Fire       35%        N/A       5%          3
 Confusing Touch          Hex            15%        N/A       21%         3
 Spider Form              Tmut/Pois      10%        N/A       28%         3
 Vampiric Draining        Necr           10%        2d6       28%         3
 Fulminant Prism          Conj/Hex       11%        3d8       38%         4
 Anguish                  Hex/Necr       6%         N/A       61%         4
 Leda's Liquefaction      Hex/Erth       6%         N/A       61%         4
 Animate Dead             Necr           10%        N/A       67%         4
 Lee's Rapid Deconstruct  Erth           5%         3d6*      95%         5
 Leda's Unmaking          Conj/Erth      10%        9d2       100%        6
 Statue Form              Tmut/Erth      6%         N/A       100%        6
 Haunt                    Necr/Summ      5%         N/A       100%        7
 Infestation              Necr           5%         N/A       100%        8


Dungeon Overview and Level Annotations

Branches:
Dungeon (6/15)             Temple (0/1) D:4           Sewer (visited)

Altars:
Qazlal
Uskayaw

Annotations:
D:6 1 transporter


Innate Abilities, Weirdness & Mutations

You are a tree.
Your roots penetrate the ground, keeping you stationary.
You cannot be teleported.
You are immune to unholy pain and torment.
Your maximum health is greatly increased.
Your equipment is partially melded.
Your demonic aura causes all spilled blood to erupt in flames.
You regenerate a little health from kills.
((When seriously injured, your blood forms thick armour. (AC +0)))
Your mind is acute. (Int +4, Str/Dex -1)
((Armour fits poorly on your strangely shaped body.))


Message History

The troll claws you!
* * * LOW HITPOINT WARNING * * *
Casting: Scorch (safe; 1% risk of failure)
Confirm with . or Enter, or press ? or * to list all spells.
Flames lash the troll.
The troll is burned terribly!
The troll is almost dead.
The troll bites you but does no damage.
The troll claws you but does no damage. x2
You can now merge with and destroy a victim.
Okay, then.
You feel clever all of a sudden. The troll bites you!
* * * LOW HITPOINT WARNING * * *
The troll claws you but does no damage. x2
You hit the troll but do no damage.
The troll is almost dead.
The troll bites you but does no damage. The troll claws you but does no damage.
The troll completely misses you.
You closely miss the troll.
The troll is almost dead.
Your butterfly disappears in a burst of colours!
The troll bites you!
* * * LOW HITPOINT WARNING * * *
The troll claws you but does no damage. x2
You can no longer merge with and destroy a victim.
You feel better. The troll bites you but does no damage. The troll claws you.
* * * LOW HITPOINT WARNING * * *
The troll claws you but does no damage.
You closely miss the troll.
The troll is almost dead.
You feel your willpower return.
Your butterfly disappears in a burst of colours!
The troll bites you but does no damage. The troll claws you.
* * * LOW HITPOINT WARNING * * *
The troll claws you!
Your necklace shatters, unleashing a wave of protective dreams!
You dream of life, friendship, and clouds.
You feel better.
The troll is no longer more vulnerable to fire.
The troll bites you!
You die...

*,........###.....>......#
**.......#.....©.........# *****
****,,#...#########.....# *,,,,
**####,#..##8$._?$8##.#######,,,,
*,.....#..#..[$$?(..#.##....,,,,,
,,.....#..#.........#)#..#*****,*
.......##.#......o..#...#* *,*
#.........#©...§.§..#[[.# *,*
..........#...§T♣S..#...# ***,*
..........#....o§§o.#...# **,,,,
#.........#...§§....#...# **,,,,,
..........##8.....8##...# *,,,,,,
#..........#########....##*,,,,,,
##......##.....©b........##>..,,,
#.......##..##...#.#.....†....,,,
#....b.......b<.##..####..#...,,,
................###.# *#.#*..,,,


You could see a troll (ally target), a friendly orc priest (summoned), a
friendly adder (summoned) and 2 friendly orcs.

Vanquished Creatures
  A hornet (D:6)
  A steam dragon (D:6)
  A black bear (D:5)
  An ice beast (D:4)
  An orc warrior (D:6)
  2 ogres (D:4)
  A phantom (D:6)
  5 kobold brigands
  A scorpion (D:5)
  4 wights (D:6)
  2 hounds
  Crazy Yiuf (D:3)
  4 iguanas
  Natasha (thrice) (D:3)
  3 orc wizards
  3 gnolls (D:4)
  3 river rats (Sewer)
  12 adders
  A shadow imp (D:5)
  2 white imps
  4 worms
  A dart slug (D:4)
  8 orcs
  17 ball pythons
  13 endoplasms
  4 giant cockroaches
  8 goblins
  3 hobgoblins
  4 jackals (D:1)
  8 quokkas
  6 bats
  6 frilled lizards
  9 kobolds
  9 rats
152 creatures vanquished.

Vanquished Creatures (collateral kills)
  A foxfire (D:1)
1 creature vanquished.

Vanquished Creatures (others)
  284 foxfires
284 creatures vanquished.

Grand Total: 437 creatures vanquished

Notes
Turn   | Place    | Note
-------+----------+-------------------------------------------
     0 | D:1      | Hajna the Demonspawn Fire Elementalist began the quest for
                  | the Orb.
     0 | D:1      | Reached XP level 1. HP: 13/13 MP: 3/3
    47 | D:1      | Found a faded altar of an unknown god.
    53 | D:1      | Prayed at the altar of an unknown god.
    53 | D:1      | Became a worshipper of Uskayaw the Reveller
    53 | D:1      | Reached * piety under Uskayaw
   112 | D:1      | Reached ** piety under Uskayaw
   177 | D:1      | Gained mutation: Your demonic aura sometimes causes spilled
                  | blood to erupt in flames. [demonic ancestry]
   177 | D:1      | Reached XP level 2. HP: 19/19 MP: 0/5
   550 | D:1      | Learned a level 2 spell: Scorch
   880 | D:1      | Gained mutation: Your demonic aura often causes spilled
                  | blood to erupt in flames. [demonic ancestry]
   880 | D:1      | Reached XP level 3. HP: 24/24 MP: 1/6
  2004 | D:2      | Reached *** piety under Uskayaw
  2005 | D:2      | Gained mutation: You regenerate a little health from kills.
                  | [demonic ancestry]
  2005 | D:2      | Reached XP level 4. HP: 28/31 MP: 0/7
  2149 | D:2      | Learned a level 3 spell: Volatile Blastmotes
  2358 | D:3      | Found a runed translucent door.
  2359 | D:3      | Noticed Crazy Yiuf
  2366 | D:3      | Killed Crazy Yiuf
  2611 | D:3      | Noticed Natasha
  2613 | D:3      | Killed Natasha
  2703 | D:3      | Noticed Natasha
  2705 | D:3      | Reached XP level 5. HP: 13/36 MP: 1/9
  2707 | D:3      | Killed Natasha
  3288 | D:3      | Noticed Natasha
  3292 | D:3      | Killed Natasha
  3352 | D:3      | You fall into a shaft and drop 2 floors!
  3352 | D:5      | Entered Level 5 of the Dungeon
  3487 | D:5      | Noticed a black bear
  3493 | D:5      | Killed a black bear
  3494 | D:5      | Reached skill level 1 in Staves
  3494 | D:5      | Reached skill level 5 in Fire Magic
  3494 | D:5      | Gained mutation: When seriously injured, your blood forms
                  | armour. (AC +0) [demonic ancestry]
  3494 | D:5      | Reached XP level 6. HP: 42/42 MP: 0/10
  3495 | D:5      | Reached **** piety under Uskayaw
  3709 | D:5      | Found a glowing drain.
  3714 | Sewer    | Entered a sewer
  3717 | Sewer    | Learned a level 1 spell: Slow
  3961 | Sewer    | Gained mutation: Your demonic aura causes all spilled blood
                  | to erupt in flames. [demonic ancestry]
  3961 | Sewer    | Reached XP level 7. HP: 47/47 MP: 6/12
  5107 | D:4      | Reached skill level 5 in Spellcasting
  5255 | D:4      | Found a staircase to the Ecumenical Temple.
  5278 | D:4      | Gained mutation: When seriously injured, your blood forms
                  | thick armour. (AC +0) [demonic ancestry]
  5278 | D:4      | Reached XP level 8. HP: 53/53 MP: 3/15
  5455 | D:4      | Learned a level 2 spell: Ensorcelled Hibernation
  6223 | D:6      | Reached skill level 1 in Fighting
  6394 | D:6      | Found a transporter.
  6409 | D:6      | Found a transporter.
  6409 | D:6      | Noticed a hornet
  6410 | D:6      | Identified a scroll of acquirement
  6410 | D:6      | Acquired the dreamshard necklace {Acrobat *Dream}
  6410 | D:6      | Found the dreamshard necklace {Acrobat *Dream}
  6419 | D:6      | Noticed a troll
  6431 | D:6      | Found a stormy altar of Qazlal.
  6496 | D:6      | Learned a level 1 spell: Magic Dart
  6592 | D:5      | Learned a level 4 spell: Flame Wave
  6754 | D:6      | Gained mutation: Armour fits poorly on your strangely
                  | shaped body. [potion of mutation]
  6754 | D:6      | Gained mutation: Your mind is acute. (Int +4, Str/Dex -1)
                  | [potion of mutation]
  6780 | D:6      | HP: 4/81 [orc warrior/+0 dire flail (4)]
  6782 | D:6      | Killed a hornet
  6783 | D:6      | Reached XP level 9. HP: 27/59 MP: 5/19
  6785 | D:6      | Reached ***** piety under Uskayaw
  6791 | D:6      | Slain by a troll

Illustrated notes

Levels and vault maps discovered:
D:1:      minmay_arrival_semitransparent, layout_loops_ring,
          shapermc_ecumenical_altar_mp_urbaneastern,
          chequers_serial_rivers_room_a, st_stairs_2
D:2:      layout_rooms, st_stairs_6
D:3:      layout_loops_ring, kennysheep_big_empty_room, uniq_natasha,
          uniq_crazy_yiuf_cottage
D:4:      layout_cave_pools, minmay_temple_entry_slanted
D:5:      layout_basic, portal_sewer_entry_e
D:6:      layout_rooms, lemuel_crystal_altar, gammafunk_temple_overflow_arena,
          minmay_misc_feat_room, hangedman_decor_diamond_cutter

Skill      XL: |  1  2  3  4  5  6  7  8  9 |
---------------+----------------------------+-----
Fire Magic     | 3 4 5 6 7 |  7.3
Dodging        | 2 3 |  3.1
Stealth        | 2 |  2.4
Staves         | 1 |  1.6
Spellcasting   | 3 5 7 |  7.0
Conjurations   | 3 |  3.2
Fighting       | 1 |  1.2
Axes           | |  0.3
Hexes          | |  0.9
Translocations | |  0.8
Ice Magic      | |  0.2

Action                     |  1- 3 |  4- 6 |  7- 9 || total
---------------------------+-------+-------+-------++-------
  Melee: War axe           |    46 |       |       ||    46
         Unarmed           |     2 |       |       ||     2
         Quarterstaff      |       |    20 |    44 ||    64
   Cast: Foxfire           |    88 |    29 |    52 ||   169
         Scorch            |     4 |    29 |    61 ||    94
         Volatile Blastmot |       |     3 |     7 ||    10
         Slow              |       |     4 |     8 ||    12
         Ensorcelled Hiber |       |       |     4 ||     4
         Magic Dart        |       |       |     2 ||     2
         Flame Wave        |       |       |     2 ||     2
    Use: Potion            |     1 |     1 |    11 ||    13
         Scroll            |       |       |    14 ||    14
 Armour: Robe              |    12 |     4 |    29 ||    45
         Skin              |       |       |    48 ||    48
  Dodge: Dodged            |    57 |    12 |    50 ||   119

Table legend: (Time is in decaauts)
 A = Elapsed time spent in this place.
 B = Non-inter-level travel time spent in this place.
 C = Inter-level travel time spent in this place.
 D = Time resting spent in this place.
 E = Time spent auto-exploring this place.
 F = Levels seen in this place.
 G = Mean time per level.
                   A        B        C        D        E       F      G
               +--------+--------+--------+--------+--------+-----+--------+
         Total |   6969 |   6270 |    699 |      0 |   4758 |   7 |  995.6 |
       Dungeon |   5648 |   4949 |    699 |      0 |   3634 |   6 |  941.3 |
         Sewer |   1321 |   1321 |      0 |      0 |   1124 |   1 | 1321.0 |
               +--------+--------+--------+--------+--------+-----+--------+

Top non-repeatable levels by time:
     D:1: 1330 daAuts
   Sewer: 1321 daAuts
     D:3: 1029 daAuts
     D:2: 1017 daAuts
     D:5: 946 daAuts
     D:4: 870 daAuts
     D:6: 453 daAuts
